 Dungeon Crawl Stone Soup version 0.28-a0-519-gbfeecf2fc5 (webtiles) character file.

Game seed: 7515960239430997524

36 siradein the Chucker (level 3, 0/35 HPs)
             Began as a Troll Hunter on Sept 24, 2021.
             Succumbed to an adder's poison
             ... on level 2 of the Dungeon.
             The game lasted 00:02:26 (766 turns).

siradein the Chucker (Troll Hunter)                  Turns: 766, Time: 00:02:27

Health: 0/35       AC:  4    Str: 20    XL:     3   Next: 19%
Magic:  2/2        EV: 10    Int:  7    God:
Gold:   23         SH:  0    Dex: 11    Spells: 2/2 levels left

rFire   . . .      SeeInvis .   g - +0 whip
rCold   . . .      Faith    .   (no shield)
rNeg    . . .      Spirit   .   b - +0 robe
rPois   .          Reflect  .   (helmet restricted)
rElec   .          Harm     .   (no cloak)
rCorr   +          Rampage  .   (gloves unavailable)
Will    .....                   (boots unavailable)
Stlth   +.........              (no amulet)
HPRegen 1.11/turn               h - ring of resist corrosion
MPRegen 0.08/turn               (no ring)

@: lethally poisoned (0 -> -1)
A: large, unfitting armour, claws 3, regeneration 1, shaggy fur 1, tough skin 1
a: no special abilities


You were on level 2 of the Dungeon.
You visited 1 branch of the dungeon, and saw 2 of its levels.

You collected 23 gold pieces.

Inventory:

Hand Weapons
 g - a +0 whip (weapon)
Missiles
 a - 42 stones (quivered)
 c - 5 large rocks
 d - 2 throwing nets
Armour
 b - a +0 robe (worn)
Jewellery
 h - a ring of resist corrosion (left claw)
Scrolls
 e - a scroll of teleportation {unknown}
 f - a scroll of fog {unknown}
Potions
 i - 2 potions of invisibility {unknown}


   Skills:
 + Level 2.1 Fighting
 + Level 0.5 Maces & Flails
 + Level 3.9 Throwing
 + Level 2.1 Dodging
 - Level 0.3 Stealth


You had 2 spell levels left.
You didn't know any spells.
Your spell library was empty.

Dungeon Overview and Level Annotations

Branches:
Dungeon (2/15)

Altars:


Innate Abilities, Weirdness & Mutations

You are too large for most types of armour.
You have claws for hands.
Your natural rate of healing is unusually fast.
You are covered in fur. (AC +1)
You have tough skin. (AC +1)


Message History

You hit the adder but do no damage.
You feel sick. The adder bites you. The adder bites you but does no damage.
You are too injured to fight recklessly!
You are too injured to fight recklessly!
You are too injured to fight recklessly!
You are too injured to fight recklessly!
You are too injured to fight recklessly!
You miss the adder.
You feel sick. The adder bites you.
You closely miss the adder.
You feel sick. The adder closely misses you.
You miss the adder.
You feel sick. The adder bites you.
* * * LOW HITPOINT WARNING * * *
The adder bites you.
* * * LOW HITPOINT WARNING * * *
You are more poisoned.
The adder poisons you!
You miss the adder.
You feel sick. The adder closely misses you.
You barely miss the adder.
You feel sick. The adder bites you.
* * * LOW HITPOINT WARNING * * *
You are more poisoned.
The adder poisons you! The adder bites you.
* * * LOW HITPOINT WARNING * * *
You closely miss the adder.
* * * LOW HITPOINT WARNING * * *
You feel sick. The adder closely misses you.
You closely miss the adder.
* * * LOW HITPOINT WARNING * * *
You feel sick. The adder barely misses you.
The adder bites you but does no damage.
You hit the adder.
The adder is heavily wounded.
You feel sick. The adder bites you.
* * * LOW HITPOINT WARNING * * *
You closely miss the adder.
The adder is heavily wounded.
* * * LOW HITPOINT WARNING * * *
You feel sick. The adder bites you but does no damage.
The adder barely misses you.
You barely miss the adder.
The adder is heavily wounded.
You die...

...(#.. (......
...(.....
#####.(......
###...(......# ...>
#............# ....
#....†.S.....##+##...
#@.............
#............####
##...............#
#................##
#.......†.........#
#.........###.....#
#.........# #.#...+
#.........# #<# ..#
#...####### ### .#


You could see an adder.

Vanquished Creatures
  A gnoll (D:1)
  An adder (D:2)
  A worm (D:2)
  2 bats (D:1)
  An endoplasm (D:1)
  A giant cockroach (D:1)
  A goblin (D:1)
  A hobgoblin (D:1)
  A kobold (D:1)
  A quokka (D:1)
  2 ball pythons
  A frilled lizard (D:1)
14 creatures vanquished.

Notes
Turn   | Place    | Note
-------+----------+-------------------------------------------
     0 | D:1      | siradein the Troll Hunter began the quest for the Orb.
     0 | D:1      | Reached XP level 1. HP: 19/19 MP: 0/0
   328 | D:1      | Reached XP level 2. HP: 19/28 MP: 1/1
   389 | D:1      | Found a faded altar of an unknown god.
   756 | D:2      | Reached XP level 3. HP: 22/35 MP: 2/2
   763 | D:2      | HP: 1/35 [poisoned by an adder]
   766 | D:2      | Succumbed to an adder's poison

Illustrated notes

Levels and vault maps discovered:
D:1:      minmay_arrival_diagonal_passages, layout_loops_cross,
          ebering_ecumenical_altar_petrified
D:2:      layout_basic, serial_rivers, chequers_serial_rivers_large_b,
          chequers_serial_rivers_micro_c, chequers_serial_rivers_micro_a,
          chequers_serial_rivers_room_a, chequers_serial_rivers_small_b,
          chequers_serial_rivers_micro_a

Skill      XL: |  1  2 |
---------------+-------+-----
Fighting       | 2 |  2.1
Dodging        | 2 |  2.1
Maces & Flails | |  0.5
Throwing       | |  3.9
Stealth        | |  0.3

Action                   || total
-------------------------++-------
Melee: Short sword       ||    10
       Unarmed           ||     8
       Whip              ||    46
Throw: Stone             ||    13
Armor: Robe              ||    20
Dodge: Dodged            ||    46

Table legend: (Time is in decaauts)
 A = Elapsed time spent in this place.
 B = Non-inter-level travel time spent in this place.
 C = Inter-level travel time spent in this place.
 D = Time resting spent in this place.
 E = Time spent auto-exploring this place.
 F = Levels seen in this place.
 G = Mean time per level.
                   A        B        C        D        E       F      G
               +--------+--------+--------+--------+--------+-----+--------+
         Total |    768 |    752 |     16 |      0 |    582 |   2 |  384.0 |
       Dungeon |    768 |    752 |     16 |      0 |    582 |   2 |  384.0 |
               +--------+--------+--------+--------+--------+-----+--------+

Top non-repeatable levels by time:
     D:1: 712 daAuts
     D:2: 56 daAuts
